 Dungeon Crawl Stone Soup version 0.17-a0-1-g1f4be75 (webtiles) character file.

91 Gronka the Shield-Bearer (level 4, -8/37 HPs)
             Began as a Human Fighter on Mar 6, 2015.
             Mangled by an ogre
             ... wielding a +0 giant club
              (14 damage)
             ... on level 3 of the Dungeon.
             The game lasted 00:02:51 (2034 turns).

Gronka the Shield-Bearer (Human Fighter)            Turns: 2034, Time: 00:02:52

Health: -8/37      AC:  8    Str: 17    XL:     4   Next: 88%
Magic:  4/4        EV:  7    Int:  8    God:
Gold:   77         SH:  9    Dex: 13    Spells: 0 memorised, 3 levels left

rFire  + . .     SeeInvis .     a - +0 long sword
rCold  + . .     Clarity  .     b - +0 scale mail
rNeg   . . .     SustAb   +     c - +0 shield
rPois  +         Gourm    .     r - +0 helmet
rElec  +         Spirit   .     (no cloak)
rCorr  +         Warding  .     (no gloves)
rMut   .         Stasis   .     (no boots)
MR     .....                    (no amulet)
Stlth  ..........               (no ring)
                                k - ring of sustain abilities

@: lethally poisoned (-8 -> -21), resistant, not resistant to hostile
enchantments, extremely unstealthy
A: no striking features
a: no special abilities


You were on level 3 of the Dungeon.
You were not hungry.

You visited 1 branch of the dungeon, and saw 3 of its levels.

You collected 77 gold pieces.

Inventory:

Hand weapons
 a - a +0 long sword (weapon)
Armour
 b - a +0 scale mail (worn)
 c - a +0 shield (worn)
 r - a +0 helmet (worn)
Jewellery
 k - a ring of sustain abilities (left hand)
 w - an uncursed ring of protection from cold {unknown}
Scrolls
 f - 3 scrolls of identify {unknown}
 g - 2 scrolls of recharging {unknown}
 h - a scroll of remove curse {unknown}
 i - 2 scrolls of noise {unknown}
 l - 2 scrolls of fog {unknown}
 n - 2 scrolls of blinking {unknown}
 p - a scroll of enchant weapon {unknown}
 t - a scroll of enchant armour {unknown}
Potions
 e - a potion of might
 m - a potion of heal wounds {unknown}
 s - a potion of poison
 u - a potion of agility {unknown}
 v - a potion of cancellation {unknown}
Comestibles
 d - 2 bread rations
 j - 2 meat rations
 o - 8 fruits


   Skills:
 + Level 3.7 Fighting
 + Level 2.4 Long Blades
 + Level 3.5 Armour
 + Level 1.1 Dodging
 + Level 3.8 Shields


You had 3 spell levels left.
You didn't know any spells.

Dungeon Overview and Level Annotations

Branches:
Dungeon (3/15)

Altars:
Okawaru
Trog


Message History

* * * LOW HITPOINT WARNING * * *
The kobold hits you but does no damage.
You are too injured to fight recklessly!
You are too injured to fight recklessly!
You are too injured to fight recklessly!
You are too injured to fight recklessly!
You are too injured to fight recklessly!
Drink which item? (? for menu, Esc to quit)
It was a potion of poison.
That liquid tasted very nasty...
You are lethally poisoned!
* * * LOW HITPOINT WARNING * * *
You feel sick. The rat bites you but does no damage.
The kobold hits you but does no damage.
Drink which item? (? for menu, Esc to quit)
It was a potion of resistance.
You feel protected.
* * * LOW HITPOINT WARNING * * *
You feel sick. The ogre hits you with a giant club!
You die...

! .....######## .
.......##.....# #. ..#
##..##.###.# #..
##.###......# #.#
#..###...#...###.###.#
#...#._.........)...#
#.......#....####)###
#.####.Or.# ##...#
#...##
.......K@.###....#
#.....
#.######..)((....#
#...## #.....?.###
##### #########


You could see an ogre, a kobold and a rat.

Vanquished Creatures
  4 adders (D:2)
  A worm (D:2)
  A giant mite (D:1)
  An ooze (D:1)
  An orc (D:3)
  6 bats
  A giant cockroach (D:1)
  5 goblins
  5 hobgoblins
  8 kobolds
  2 quokkas
  4 giant newts
  5 rats
44 creatures vanquished.

Notes
Turn   | Place    | Note
--------------------------------------------------------------
     0 | D:1      | Gronka, the Human Fighter, began the quest for the Orb.
     0 | D:1      | Reached XP level 1. HP: 18/18 MP: 1/1
   221 | D:1      | Reached XP level 2. HP: 22/24 MP: 2/2
   561 | D:1      | Reached XP level 3. HP: 16/29 MP: 3/3
  1243 | D:2      | Reached XP level 4. HP: 19/36 MP: 4/4
  1329 | D:2      | Found an iron altar of Okawaru.
  1341 | D:2      | Reached skill level 1 in Dodging
  2015 | D:3      | Found a bloodstained altar of Trog.
  2025 | D:3      | Noticed an ogre
  2034 | D:3      | Mangled by an ogre

Action                   |  1- 3 |  4- 6 || total
-------------------------+-------+-------++-------
Melee: Long sword        |   107 |    87 ||   194
  Use: Potion            |       |     2 ||     2
  Eat: Bread ration      |     1 |       ||     1
